 Dungeon Crawl Stone Soup version 0.27-a0-492-ga4bb394fd4 (webtiles) character file.

Game seed: 5200474821113115624

647 Gaff the Sneak (level 7, -4/64 HPs)
             Began as a Kobold Brigand on Mar 2, 2021.
             Killed by divine providence
             ... invoked by an orc priest
              (12 damage)
             ... on level 4 of the Dungeon.
             The game lasted 00:11:40 (4302 turns).

Gaff the Sneak (Kobold Brigand)                     Turns: 4302, Time: 00:11:41

Health: -4/64      AC: 23    Str: 14    XL:     7   Next: 82%
Magic:  7/7        EV:  3    Int: 12    God:
Gold:   108        SH:  0    Dex: 19    Spells: 6/6 levels left

rFire    . . .     SeeInvis .   a - +2 dagger
rCold    . . .     Faith    .   (shield restricted)
rNeg     + + +     Spirit   .   (armour currently unavailable)
rPois    +         Reflect  .   (helmet currently unavailable)
rElec    .         Harm     .   (cloak currently unavailable)
rCorr    .         Rampage  .   (gloves currently unavailable)
Will     .....     NoTele   +   (boots currently unavailable)
Stlth    +++++.....             B - amulet of magic regeneration
HPRegen  0.20/turn              n - ring of flight
MPRegen  0.35/turn              s - +6 ring of strength

@: tree-form
A: small, nightstalker 3
a: no special abilities


You were on level 4 of the Dungeon.
You were a tree.
You visited 1 branch of the dungeon, and saw 4 of its levels.

You collected 108 gold pieces.

Inventory:

Hand Weapons
 a - a +2 dagger (weapon)
 i - a +0 dagger of venom
 k - a +0 short sword
Missiles
 d - 24 poisoned darts (quivered)
 e - 2 curare-tipped darts
 z - 3 boomerangs
Armour
 b - a +0 robe
 c - a +0 cloak (melded)
 g - a +0 pair of boots (melded)
 q - a +0 helmet (melded)
 t - a +1 pair of gloves (melded)
 w - a +0 leather armour (melded)
Jewellery
 n - a ring of flight (left branch)
 s - a +6 ring of strength (right branch)
 B - an amulet of magic regeneration (around neck)
Scrolls
 f - a scroll of enchant weapon {unknown}
 l - 4 scrolls of identify {unknown}
 p - 2 scrolls of random uselessness {unknown}
 y - a scroll of enchant armour {unknown}
 A - a scroll of blinking
Potions
 h - 2 potions of lignification
 j - a potion of curing {unknown}
 m - a potion of degeneration {unknown}
 o - a potion of haste {unknown}
 r - a potion of magic {unknown}
 u - a potion of mutation
 v - a potion of heal wounds {unknown}
 x - 3 potions of ambrosia {unknown}


   Skills:
 + Level 4.2 Fighting
 + Level 6.5 Short Blades
 + Level 2.4 Throwing
 + Level 1.0 Armour
 + Level 4.7 Dodging
 - Level 7.2 Stealth


You had 6 spell levels left.
You didn't know any spells.
Your spell library was empty.

Dungeon Overview and Level Annotations

Branches:
Dungeon (4/15)
 Temple: D:4-7

Altars:
Dithmenos
Kikubaaqudgha
Makhleb
Ru

Shops:
D:4 [


Innate Abilities, Weirdness & Mutations

You are small and have problems with some larger weapons.
You are completely attuned to the shadows.
((You are partially covered in icy blue scales. (AC +2)))
((Your system is resistant to poisons. (rPois)))


Message History

The orc priest hits you but does no damage.
You barely miss the orc priest.
The orc priest is lightly wounded.
The adder bites you but does no damage. The orc barely misses you.
The orc priest completely misses you.
You barely miss the orc priest.
The orc priest is lightly wounded.
The adder bites you but does no damage. The orc hits you but does no damage.
You hit the orc priest.
The orc priest is moderately wounded.
The adder bites you but does no damage.
The orc priest hits you but does no damage.
You hit the orc priest but do no damage.
The orc priest is moderately wounded.
The orc hits you but does no damage. The adder barely misses you.
You completely miss the orc priest.
The orc priest is moderately wounded.
The orc priest hits you but does no damage.
The adder barely misses you. The orc hits you but does no damage.
You hit the orc priest.
The orc priest is heavily wounded.
The orc priest barely misses you.
You hit the orc priest.
The orc priest is severely wounded.
The adder bites you.
* * * LOW HITPOINT WARNING * * *
The orc hits you but does no damage.
You barely miss the orc priest.
The orc priest is severely wounded.
The adder bites you but does no damage.
The orc priest hits you but does no damage.
The orc barely misses you.
You barely miss the orc priest.
The orc priest is severely wounded.
The adder bites you but does no damage.
You hit the orc priest.
The orc priest is almost dead.
The orc priest mumbles some strange prayers to Beogh against you.
Beogh smites you!
You die...

#.......###...###..#....
#........##......†.##...
###..............#......#.
#.#...........#.##......#.
##.#...........#..#......#.
#)........................#
#..>...........#.^........#
#.....)..So.............#..
###.##.##..)♣o............##.
#....##........#............>
##....#......#.##............
#.............###...........
###...........# #...........
#............##...# ....
##......####......# ....
##.#......#..#...# ....
####........#...##. .


You could see an orc priest, an adder and an orc.

Vanquished Creatures
  4 ogres (D:4)
  A hound (D:2)
  An iguana (D:4)
  A worker ant (D:4)
  An orc wizard (D:4)
  Robin (D:2)
  7 gnolls
  3 adders (D:2)
  3 oozes
  An adder skeleton (D:4)
  2 worms
  A dart slug (D:2)
  4 leopard geckos
  5 orcs (D:4)
  A bat zombie (D:3)
  4 giant cockroaches
  8 hobgoblins
  3 jackals (D:4)
  2 quokkas
  5 bats
  6 frilled lizards
  15 goblins
  4 kobolds
  4 rats (D:1)
  A rat zombie (D:3)
88 creatures vanquished.

Notes
Turn   | Place    | Note
-------+----------+-------------------------------------------
     0 | D:1      | Gaff the Kobold Brigand began the quest for the Orb.
     0 | D:1      | Reached XP level 1. HP: 12/12 MP: 1/1
   182 | D:1      | Reached XP level 2. HP: 17/17 MP: 2/2
   389 | D:1      | Reached skill level 6 in Stealth
   433 | D:1      | Reached XP level 3. HP: 22/22 MP: 3/3
   799 | D:2      | Reached XP level 4. HP: 27/27 MP: 4/4
  1013 | D:2      | Reached skill level 7 in Stealth
  1303 | D:2      | Noticed Robin
  1857 | D:2      | Killed Robin
  1858 | D:2      | Reached XP level 5. HP: 25/31 MP: 5/5
  2792 | D:3      | Reached XP level 6. HP: 30/37 MP: 6/6
  3065 | D:3      | Found an ancient bone altar of Kikubaaqudgha.
  3653 | D:4      | Noticed an ogre
  3656 | D:4      | Killed an ogre
  3657 | D:4      | Reached skill level 5 in Short Blades
  3664 | D:4      | Noticed an ogre
  3668 | D:4      | Killed an ogre
  3669 | D:4      | Reached XP level 7. HP: 42/42 MP: 7/7
  3824 | D:4      | Found a burning altar of Makhleb.
  3863 | D:4      | Found Qisaez's Armour Emporium.
  4107 | D:4      | Reached skill level 1 in Armour
  4211 | D:4      | Found a shadowy altar of Dithmenos.
  4211 | D:4      | Found a sacrificial altar of Ru.
  4286 | D:4      | Gained mutation: Your system is resistant to poisons.
                  | (rPois) [potion of mutation]
  4286 | D:4      | Gained mutation: You are partially covered in icy blue
                  | scales. (AC +2) [potion of mutation]
  4302 | D:4      | Killed from afar by an orc priest

Illustrated notes

Levels and vault maps discovered:
D:1:      tarquinn_simple_flora_water_a, layout_rooms,
          minmay_misc_feat_diagonals, hangedman_decor_lopped
D:2:      layout_basic, uniq_robin
D:3:      layout_loops_cross, lemuel_zombie_altar_kikubaaqudgha
D:4:      layout_cave_pools, bloody_makhleb, gammafunk_temple_overflow_statue,
          minmay_temple_entry_metal_lava, serial_shops, shop_statue

Skill      XL: |  1  2  3  4  5  6  7 |
---------------+----------------------+-----
Short Blades   | 3 4 5 6 |  6.5
Stealth        | 6 7 |  7.2
Dodging        | 2 3 4 |  4.7
Fighting       | 3 4 |  4.2
Armour         | 1 |  1.0
Throwing       | |  2.4

Action                   |  1- 3 |  4- 6 |  7- 9 || total
-------------------------+-------+-------+-------++-------
Melee: Dagger            |    82 |   209 |   109 ||   400
  Use: Scroll            |       |     1 |       ||     1
       Potion            |       |       |     2 ||     2
 Stab: Sleeping          |    12 |    11 |     6 ||    29
       Distracted        |       |     1 |       ||     1
Armor: Robe              |    14 |    24 |       ||    38
       Leather armour    |       |     5 |    13 ||    18
       Skin              |       |       |    26 ||    26
Dodge: Dodged            |    41 |   115 |    70 ||   226

Table legend: (Time is in decaauts)
 A = Elapsed time spent in this place.
 B = Non-inter-level travel time spent in this place.
 C = Inter-level travel time spent in this place.
 D = Time resting spent in this place.
 E = Time spent auto-exploring this place.
 F = Levels seen in this place.
 G = Mean time per level.
                   A        B        C        D        E       F      G
               +--------+--------+--------+--------+--------+-----+--------+
         Total |   4219 |   4130 |     89 |    922 |   2292 |   4 | 1054.8 |
       Dungeon |   4219 |   4130 |     89 |    922 |   2292 |   4 | 1054.8 |
               +--------+--------+--------+--------+--------+-----+--------+

Top non-repeatable levels by time:
     D:2: 1914 daAuts
     D:3: 1000 daAuts
     D:1: 687 daAuts
     D:4: 616 daAuts
